 Dungeon Crawl Stone Soup version 0.25.1-8-g42b30a86e7 (webtiles) character file.

Game seed: 15453135697270109829

3531 Clowwww the Carver (level 10, -3/76 HPs)
             Began as a Human Berserker on Dec 6, 2020.
             Was an Elder of Trog.
             Slain by a wight
             ... wielding a +0 great sword
              (8 damage)
             ... on level 8 of the Dungeon.
             The game lasted 00:19:30 (9708 turns).

Clowwww the Carver (Human Berserker)                Turns: 9708, Time: 00:19:30

Health: -3/76      AC: 16    Str: 18    XL:     10   Next: 29%
Magic:  10/10      EV: 10    Int:  8    God:    Trog [****..]
Gold:   387        SH:  0    Dex: 18    Spells: 9/9 levels left

rFire    . . .     SeeInvis .   a - +4 falchion
rCold    + + +     Gourm    .   (no shield)
rNeg     . . .     Faith    .   w - +3 chain mail "Cegid" {*Corrode rC++ MR+++ Dex+3}
rPois    .         Spirit   .   C - +0 helmet
rElec    .         Reflect  .   j - +0 cloak
rCorr    .         Harm     .   (no gloves)
MR       +++..                  (no boots)
Stlth    ..........             (no amulet)
HPRegen  0.22/turn              (no ring)
MPRegen  0.12/turn              B - ring of protection from cold

@: no status effects
A: no striking features
a: Berserk, Trog's Hand, Brothers in Arms, Renounce Religion


You were on level 8 of the Dungeon.
You worshipped Trog.
Trog was greatly pleased with you.
You were not hungry.

You visited 1 branch of the dungeon, and saw 8 of its levels.

You collected 387 gold pieces.

Inventory:

Hand Weapons
 a - a +4 falchion (weapon)
Missiles
 r - 3 boomerangs (quivered)
Armour
 b - a +0 animal skin
 j - a +0 cloak (worn)
 w - the +3 chain mail "Cegid" (worn) {*Corrode rC++ MR+++ Dex+3}
   (You found it on level 4 of the Dungeon)

   It affects your dexterity (+3).
   It greatly protects you from cold.
   It affects your resistance to hostile enchantments.
   It may corrode you when you take damage.
 C - a +0 helmet (worn)
Jewellery
 B - a ring of protection from cold (right hand)
Wands
 g - a wand of disintegration (21)
 y - a wand of digging (3)
 E - a wand of iceblast (8)
Scrolls
 d - 5 scrolls of remove curse
 f - a scroll of amnesia {unknown}
 h - a scroll of brand weapon {unknown}
 m - 3 scrolls of blinking
 n - 4 scrolls of teleportation
 D - a scroll of enchant armour {unknown}
 F - a scroll of identify
 G - 2 scrolls of acquirement {unknown}
Potions
 e - 3 potions of lignification {unknown}
 i - a potion of resistance {unknown}
 k - 2 potions of flight {unknown}
 l - a potion of heal wounds
 o - a potion of magic {unknown}
 p - a potion of curing {unknown}
 q - a potion of invisibility {unknown}
 s - 2 potions of cancellation {unknown}
 t - 2 potions of degeneration {unknown}
 u - 2 potions of brilliance {unknown}
 v - a potion of ambrosia {unknown}
 x - 2 potions of mutation {unknown}
 z - a potion of stabbing {unknown}
 A - a potion of might
Comestibles
 c - 10 rations


   Skills:
 + Level 6.0 Fighting
 + Level 9.5 Long Blades
 + Level 3.2 Throwing
 + Level 7.0 Armour
 + Level 5.1 Dodging
 + Level 3.1 Stealth


You had 9 spell levels left.
You didn't know any spells.
Your spell library was empty.

Dungeon Overview and Level Annotations

Branches:
Dungeon (8/15)             Temple (0/1) D:5
   Lair: D:8-11

Altars:
Cheibriados
Dithmenos
Gozag
Hepliaklqana
Kikubaaqudgha
Makhleb
Nemelex Xobeh
Qazlal
Ru
Uskayaw
Wu Jian
Zin
The Shining One

Shops:
D:5 [


Message History

The wight hits you with a +0 great sword.
You closely miss the wight.
The wight is heavily damaged.
The wight hits you but does no damage.
You barely miss the wight.
The wight is heavily damaged.
The wight closely misses you. The wight hits you but does no damage.
You slash the wight!
The wight is almost destroyed.
The wight hits you but does no damage.
You are electrocuted!
* * * LOW HITPOINT WARNING * * *
The wight closely misses you.
You hit the wight but do no damage.
The wight is almost destroyed.
The wight hits you but does no damage.
You are electrocuted!
* * * LOW HITPOINT WARNING * * *
You closely miss the wight.
The wight is almost destroyed.
The wight hits you with a +0 great sword!
You die...

. .# #. .# ##### ... ..
+.... .... .# #####
.....######.## #####
......z.z....###+###....
......)@...............#
....#####.###.#.####...#
. #.# .# #..## #.#
#.#.####..## #.#
#.#......... #.#
#.##......#. #.#
#.##.###.##. #.# #.##.#
#.##. #.###.##.###.##.


You could see 2 wights.

Vanquished Creatures
  A two-headed ogre (D:5)
  The ghost of Thomus the Cleaver, a novice HOFi (D:5)
  A yak (D:5)
  Duvessa (D:7)
  An ice beast (D:5)
  2 orc warriors
  A sky beast (D:5)
  An eye of draining (D:7)
  7 ogres
  2 bullfrogs (D:6)
  A big kobold (D:6)
  2 scorpions
  Dowan (D:7)
  A wight (D:8)
  2 howler monkeys (D:6)
  An electric eel (D:6)
  4 crimson imps
  A hound (D:4)
  A bullfrog zombie (D:7)
  Crazy Yiuf (D:2)
  A bullfrog skeleton (D:4)
  A jelly (D:7)
  An orc priest (D:6)
  3 orc wizards
  3 iguanas
  5 worker ants
  A howler monkey skeleton (D:6)
  9 adders
  An ooze (D:2)
  An adder skeleton (D:7)
  An adder zombie (D:5)
  A worm (D:5)
  A dart slug (D:1)
  7 leopard geckos
  17 orcs
  3 ball pythons (D:2)
  6 giant cockroaches
  8 goblins
  8 hobgoblins
  2 jackals (D:1)
  17 kobolds
  2 quokkas
  10 bats
  6 frilled lizards
  A giant cockroach zombie (D:5)
  A jackal zombie (D:5)
  A leopard gecko skeleton (D:4)
  8 rats
159 creatures vanquished.

Notes
Turn   | Place    | Note
-------+----------+-------------------------------------------
     0 | D:1      | Clowwww the Human Berserker began the quest for the Orb.
     0 | D:1      | Reached XP level 1. HP: 18/18 MP: 1/1
    61 | D:1      | Reached XP level 2. HP: 21/24 MP: 2/2
   434 | D:1      | Reached XP level 3. HP: 29/29 MP: 3/3
   500 | D:1      | Reached ** piety under Trog
   968 | D:2      | Reached skill level 4 in Long Blades
   968 | D:2      | Reached XP level 4. HP: 10/35 MP: 4/4
  1565 | D:2      | Found an ornate altar of the Wu Jian Council.
  1570 | D:2      | Found a sacrificial altar of Ru.
  1574 | D:2      | Found a glowing golden altar of the Shining One.
  2007 | D:2      | Reached skill level 1 in Stealth
  2007 | D:2      | Reached XP level 5. HP: 41/41 MP: 5/5
  2286 | D:2      | Found a runed translucent door.
  2287 | D:2      | Noticed Crazy Yiuf
  2298 | D:2      | Killed Crazy Yiuf
  2632 | D:3      | Found a burning altar of Makhleb.
  3499 | D:3      | Reached XP level 6. HP: 48/48 MP: 6/6
  3514 | D:3      | Reached *** piety under Trog
  3618 | D:4      | Reached skill level 5 in Long Blades
  4404 | D:4      | Got a distressingly furry chain mail
  4767 | D:4      | Identified the +3 chain mail "Cegid" {*Corrode rC++ MR+++
                  | Dex+3} (You found it on level 4 of the Dungeon)
  4806 | D:5      | Entered Level 5 of the Dungeon
  4808 | D:5      | Noticed a two-headed ogre
  4821 | D:5      | Killed a two-headed ogre
  4821 | D:5      | Reached skill level 6 in Long Blades
  4821 | D:5      | Reached XP level 7. HP: 55/55 MP: 7/7
  4821 | D:5      | Reached XP level 8. HP: 61/61 MP: 8/8
  4885 | D:5      | Reached skill level 7 in Long Blades
  5777 | D:5      | Noticed a yak
  5786 | D:5      | Reached XP level 9. HP: 67/67 MP: 9/9
  5808 | D:5      | Reached skill level 5 in Fighting
  6054 | D:5      | Reached skill level 8 in Long Blades
  6176 | D:5      | Found Mejuamusch's Armour Boutique.
  6190 | D:5      | Found a large runed translucent door.
  6190 | D:5      | Found a large runed translucent door.
  6190 | D:5      | Noticed Thomus's ghost (novice HOFi)
  6212 | D:5      | Killed Thomus's ghost
  6492 | D:5      | Found an opulent altar of Gozag.
  6559 | D:5      | Reached **** piety under Trog
  6691 | D:5      | Found a glowing silver altar of Zin.
  7069 | D:5      | Found a staircase to the Ecumenical Temple.
  7114 | D:6      | Reached skill level 5 in Armour
  7408 | D:6      | Found a snail-covered altar of Cheibriados.
  7776 | D:6      | Found a glowing silver altar of Zin.
  7886 | D:6      | Reached skill level 9 in Long Blades
  7893 | D:6      | Found a sparkling altar of Nemelex Xobeh.
  7893 | D:6      | Found an ancient bone altar of Kikubaaqudgha.
  7894 | D:6      | Found a hazy altar of Hepliaklqana.
  7895 | D:6      | Found a hide-covered altar of Uskayaw.
  7895 | D:6      | Found a stormy altar of Qazlal.
  7960 | D:6      | Found a shadowy altar of Dithmenos.
  8245 | D:6      | Reached XP level 10. HP: 63/76 MP: 10/10
  8262 | D:6      | Reached skill level 5 in Dodging
  8551 | D:7      | Noticed Dowan
  8553 | D:7      | Noticed Duvessa
  8557 | D:7      | Killed Dowan
  8566 | D:7      | Killed Duvessa
  9708 | D:8      | Slain by a wight

Illustrated notes

Levels and vault maps discovered:
D:1:      minmay_arrival_open_corners, layout_loops_ring, st_stairs_1
D:2:      layout_basic, minitemple, first_ration, minmay_shallow_snake_nest,
          uniq_crazy_yiuf_cottage
D:3:      layout_loops_cross, lemuel_crystal_altar
D:4:      layout_basic
D:5:      cheibrodos_fzero, layout_basic, minmay_temple_entry_poolview,
          serial_shops, shop, ebering_ghost_disaster_area,
          hangedman_feature_mirror
D:6:      layout_rooms, zin_academy, grunt_temple_overflow_open,
          grunt_dithmenos_smoke, basic_altar, serial_bayou_lagoon_b
D:7:      layout_cave_pods, uniq_duvessa
D:8:      layout_loops_ring, kennysheep_little_box, grunt_ogre_cave,
          grunt_decor_one_mirror, jmf_multi_god_temple2, uniq_harold

Skill      XL: |  1  2  3  4  5  6  7  8  9 10 |
---------------+-------------------------------+-----
Long Blades    | 4 6 7 9 |  9.5
Stealth        | 1 2 3 |  3.1
Dodging        | 3 4 5 |  5.1
Fighting       | 4 5 6 |  6.0
Throwing       | 3 |  3.2
Armour         | 3 5 7 |  7.0

Action                   |  1- 3 |  4- 6 |  7- 9 | 10-12 || total
-------------------------+-------+-------+-------+-------++-------
Melee: Falchion          |    63 |   210 |   255 |   106 ||   634
Throw: Boomerang         |       |    23 |       |       ||    23
Invok: Berserk           |       |     1 |     3 |       ||     4
  Use: Scroll            |       |    10 |     4 |     3 ||    17
       Potion            |       |       |     2 |       ||     2
 Stab: Sleeping          |     1 |     5 |       |       ||     6
       Distracted        |       |       |       |     1 ||     1
  Eat: Chunk             |       |    12 |     8 |     5 ||    25
       Ration            |       |       |     2 |       ||     2
Armor: Animal skin       |    10 |    45 |       |       ||    55
       Chain mail        |       |     2 |   136 |    50 ||   188
Dodge: Dodged            |    53 |   181 |   120 |    53 ||   407
       Rpst.: Falchion   |    14 |    67 |    39 |    18 ||   138
